 Dungeon Crawl Stone Soup version 0.22-a0-406-g9ff8d77 (webtiles) character file.

9660 dstrtnsr the Severer (level 11, -13/105 HPs)
             Began as a Minotaur Berserker on May 9, 2018.
             Was an Elder of Trog.
             Mangled by an orc knight
             ... wielding a +1 battleaxe
              (22 damage)
             ... on level 2 of the Orcish Mines.
             The game lasted 00:07:12 (8009 turns).

dstrtnsr the Severer (Minotaur Berserker)           Turns: 8009, Time: 00:07:12

Health: -13/105    AC:  9    Str: 26    XL:     11   Next: 26%
Magic:  10/10      EV:  9    Int:  6    God:    Trog [****..]
Gold:   985        SH:  0    Dex:  9    Spells: 10/10 levels left

rFire    . . .     SeeInvis .   l - +0 war axe
rCold    . . .     Gourm    .   (no shield)
rNeg     . . .     Faith    .   o - +0 chain mail
rPois    .         Spirit   .   q - +1 hat
rElec    .         Reflect  .   (no cloak)
rCorr    .         Harm     .   (no gloves)
MR       ++...                  (no boots)
Stlth    ..........             m - amulet of the acrobat
HPRegen  1.27/turn              i - +2 ring of intelligence
MPRegen  0.12/turn              (no ring)

@: berserk cooldown, regenerating, slowed, very slow
A: retaliatory headbutt, horns 2
a: Berserk, Trog's Hand, Brothers in Arms, Renounce Religion


You were on level 2 of the Orcish Mines.
You worshipped Trog.
Trog was greatly pleased with you.
You were near starving.

You visited 2 branches of the dungeon, and saw 11 of its levels.

You collected 1018 gold pieces.
You spent 33 gold pieces at shops.

Inventory:

Hand Weapons
 l - a +0 war axe (weapon)
Armour
 o - a +0 chain mail (worn)
 q - a +1 hat (worn)
Jewellery
 i - a +2 ring of intelligence (left hand)
 m - an amulet of the acrobat (around neck)
Wands
 h - a wand of clouds (8)
 I - a wand of iceblast (11)
 V - a wand of digging (10)
Scrolls
 a - a scroll of magic mapping {unknown}
 d - a scroll of fear
 g - 8 scrolls of remove curse {@r2}
 k - a scroll of teleportation {unknown}
 p - a scroll of enchant weapon {unknown}
 t - a scroll of amnesia {unknown}
Potions
 b - a potion of mutation
 j - 2 potions of might
Comestibles
 e - 3 rations {!d}


   Skills:
 + Level 12.4 Fighting
 * Level 16.4 Axes
 - Level 2.4 Armour
 - Level 2.1 Dodging


You had 10 spell levels left.
You didn't know any spells.

Dungeon Overview and Level Annotations

Branches:
Dungeon (9/15)             Temple (0/1) D:5             Orc (2/2) D:9
    Elf (0/3) Orc:2
   Lair: D:8-11

Altars:
Qazlal
Trog
Xom
Yredelemnul
Beogh

Shops:
D:4 ?


Innate Abilities, Weirdness & Mutations

You reflexively headbutt those who attack you in melee.
You have a pair of horns on your head.


Message History

The orc wizard blinks!
Items here: $ ( )) [[ † Unknown command.
Evoke which item? (* to show all) (? for menu, Esc to quit)
Okay, then.
Unknown command.
Okay, then.
Unknown command.
As you read the scroll of fear, it crumbles to dust.
You assume a fearsome visage.
The orc knight easily resists.
The orc knight roars a battlecry!
The orc wizard goes into a battle-frenzy!
You feel much better.
Unknown command.
You fail to use your ability.
The orc knight roars a battlecry!
The orc knight hits you with an enchanted battleaxe!!
* * * LOW HITPOINT WARNING * * *
Unknown command.
Okay, then.
Your ogre goes berserk!
You are feeling very hungry.
Trog will no longer gift you weapons. The orc wizard completely misses you.
The orc wizard hits you with a dagger.
* * * LOW HITPOINT WARNING * * *
The orc knight completely misses you. You furiously retaliate!
You headbutt the orc knight! The orc knight barely misses your ogre.
Unknown command.
Okay, then.
The orc knight no longer looks unusually strong.
The orc wizard points at you and mumbles some strange words.
The magic dart hits you!
* * * LOW HITPOINT WARNING * * *
Your ogre hits the orc knight but does no damage.
The orc knight hits your ogre with an enchanted battleaxe.
The orc wizard misses you.
Your ogre barely misses the orc knight.
Unknown command.
You fail to use your ability.
The orc wizard casts a spell at you. The magic dart hits you!
* * * LOW HITPOINT WARNING * * *
Your ogre closely misses the orc knight.
The orc knight hits your ogre with an enchanted battleaxe.
The orc wizard hits you with a dagger.
* * * LOW HITPOINT WARNING * * *
Unknown command.
Your skin crawls.
You feel resistant to hostile enchantments.
You are near starving!
Your ogre hits the orc knight but does no damage.
The orc wizard hits you but does no damage.
The orc knight hits your ogre with an enchanted battleaxe!
Your ogre closely misses the orc knight.
The orc wizard points at you and mumbles some strange words.
The magic dart hits you!
* * * LOW HITPOINT WARNING * * *
Unknown command.
Your skin crawls.
You feel resistant to hostile enchantments.
You feel somewhat more hungry. The orc wizard hits you with a dagger.
* * * LOW HITPOINT WARNING * * *
Your ogre closely misses the orc knight.
The orc knight hits your ogre with an enchanted battleaxe!
The orc wizard barely misses you.
Your ogre closely misses the orc knight.
Unknown command.
Unknown command.
You slash the orc wizard!
The orc wizard is almost dead.
The orc wizard closely misses you.
The orc knight hits your ogre with an enchanted battleaxe!!
Your ogre dies!
Your ogre's corpse disappears in a puff of smoke!
The orc wizard points at you and mumbles some strange words.
You resist with almost no effort.
Unknown command.
Okay, then.
You slash the orc wizard!
You kill the orc wizard!
Trog accepts your kill.
Trog appreciates your killing of a magic user.
Unknown command.
You slash the orc knight!
The orc knight is moderately wounded.
The orc knight closely misses you.
Unknown command.
Okay, then.
You slash the orc knight!
The orc knight is heavily wounded.
The orc knight hits you but does no damage.
Unknown command.
You hit the orc knight but do no damage.
The orc knight is heavily wounded.
The orc knight hits you with an enchanted battleaxe.
* * * LOW HITPOINT WARNING * * *
Unknown command.
You barely miss the orc knight.
The orc knight is heavily wounded.
The orc knight hits you with an enchanted battleaxe!!
You die...

..#....))#.##.........##...
..#..#.)).............#....
...........(..............#
.....#..._................#
...##.....................#
....##..........)).)......#
##.#######......))))......#
### ##......).)#...... ##
#.....@o......... .##
.................. ..#
................... .###
................... ...##
#.................. ....###
......$.......... ....#.##
.............#.. ##.....#
#............. #....##


You could see an orc knight.

Vanquished Creatures
  An orc high priest (Orc:2)
  2 orc knights
  An orc sorcerer (Orc:2)
  Sigmund (D:5)
  A wyvern (D:8)
  Eustachio (D:5)
  Duvessa (D:4)
  9 ice beasts
  A necrophage (D:9)
  3 sky beasts
  19 orc warriors
  2 phantoms
  3 centaurs
  9 ogres
  7 bullfrogs
  Dowan (D:4)
  A wyvern skeleton (D:7)
  2 scorpions
  2 water moccasin skeletons
  5 wights (D:6)
  4 howler monkeys
  2 crimson imps
  A bullfrog zombie (D:5)
  14 orc priests
  2 hounds
  A centaur skeleton (D:8)
  A bullfrog skeleton (D:8)
  12 orc wizards
  An iguana (D:8)
  3 worker ants
  A hound skeleton (D:6)
  3 gnolls
  8 adders
  A howler monkey skeleton (D:7)
  A shadow imp (D:8)
  An adder zombie (D:5)
  3 adder skeletons
  3 worms (D:4)
  3 leopard geckos
  45 orcs
  2 giant cockroaches
  A goblin (D:1)
  5 hobgoblins
  3 kobolds
  3 quokkas
  A ball python zombie (D:5)
  A bat (D:1)
  3 frilled lizards
  A leopard gecko zombie (D:8)
  3 rats
205 creatures vanquished.

Vanquished Creatures (collateral kills)
  A two-headed ogre (Orc:2)
  An ogre (Orc:2)
  An orc priest (Orc:2)
  An orc (Orc:2)
4 creatures vanquished.

Vanquished Creatures (others)
  An ice beast (D:7)
1 creature vanquished.

Grand Total: 210 creatures vanquished

Notes
Turn   | Place    | Note
-------+----------+-------------------------------------------
     0 | D:1      | dstrtnsr the Minotaur Berserker began the quest for the Orb.
     0 | D:1      | Reached XP level 1. HP: 19/19 MP: 0/0
   280 | D:1      | Reached skill level 4 in Axes
   563 | D:1      | Reached XP level 2. HP: 27/27 MP: 1/1
   982 | D:3      | Reached XP level 3. HP: 30/33 MP: 2/2
  1158 | D:4      | Reached skill level 5 in Axes
  1187 | D:4      | Noticed a moth of wrath
  1190 | D:4      | Found a bloodstained altar of Trog.
  1233 | D:4      | Reached ** piety under Trog
  1235 | D:4      | Reached XP level 4. HP: 41/41 MP: 3/3
  1249 | D:4      | Noticed Duvessa
  1249 | D:4      | Noticed Dowan
  1257 | D:4      | Killed Duvessa
  1257 | D:4      | Reached skill level 5 in Fighting
  1257 | D:4      | Reached skill level 6 in Axes
  1257 | D:4      | Reached XP level 5. HP: 35/48 MP: 4/4
  1259 | D:4      | HP: 22/72 [Dowan/stone arrow (10)]
  1260 | D:4      | Killed Dowan
  1381 | D:4      | Reached skill level 7 in Axes
  1381 | D:4      | Reached XP level 6. HP: 42/56 MP: 5/5
  1819 | D:4      | Found Sam Buus's Magic Scroll Shoppe.
  1827 | D:4      | Bought a scroll of identify for 22 gold pieces
  1827 | D:4      | Bought a scroll of random uselessness for 11 gold pieces
  2158 | D:5      | Entered Level 5 of the Dungeon
  2364 | D:5      | Found a staircase to the Ecumenical Temple.
  2534 | D:5      | Reached skill level 8 in Axes
  2602 | D:5      | Noticed Eustachio
  2612 | D:5      | Killed Eustachio
  2612 | D:5      | Reached XP level 7. HP: 64/64 MP: 6/6
  2646 | D:5      | Noticed Sigmund
  2658 | D:5      | Killed Sigmund
  2658 | D:5      | Reached skill level 9 in Axes
  2823 | D:6      | Reached XP level 8. HP: 73/73 MP: 7/7
  2973 | D:6      | Reached *** piety under Trog
  2973 | D:6      | Reached skill level 10 in Axes
  3091 | D:6      | Received a gift from Trog
  3091 | D:6      | Reached skill level 11 in Axes
  3697 | D:7      | Reached XP level 9. HP: 73/82 MP: 8/8
  3698 | D:7      | HP: 47/123 [centaur/arrow (5)]
  3704 | D:6      | HP: 46/124 [adder (1)]
  4018 | D:7      | Found a shimmering altar of Xom.
  4029 | D:7      | Reached skill level 12 in Axes
  4267 | D:7      | HP: 32/84 [centaur/arrow (10)]
  4272 | D:7      | Reached **** piety under Trog
  4824 | D:8      | Reached skill level 13 in Axes
  4885 | D:8      | Reached skill level 10 in Fighting
  5538 | D:8      | Found a stormy altar of Qazlal.
  5565 | D:8      | Reached XP level 10. HP: 93/94 MP: 9/9
  5672 | D:8      | Found a basalt altar of Yredelemnul.
  5838 | D:9      | Reached skill level 14 in Axes
  6015 | D:9      | Found a staircase to the Orcish Mines.
  6029 | D:9      | Found a roughly hewn altar of Beogh.
  6105 | Orc:1    | Entered Level 1 of the Orcish Mines
  6237 | Orc:1    | Found a bloodstained altar of Trog.
  6413 | Orc:1    | Noticed an orc knight
  6422 | Orc:1    | Reached ***** piety under Trog
  6426 | Orc:1    | HP: 56/142 [orc knight/great mace of crushing (29)]
  6429 | Orc:1    | HP: 15/142 [orc knight/great mace of crushing (25)]
  6430 | Orc:1    | HP: 1/142 [orc warrior/dire flail[an orc knight] (9)]
  6431 | Orc:1    | Killed an orc knight
  6431 | Orc:1    | Reached skill level 15 in Axes
  6440 | Orc:1    | HP: 34/96 [ice beast (1)]
  7038 | Orc:2    | Entered Level 2 of the Orcish Mines
  7090 | Orc:2    | Noticed an orc high priest
  7095 | Orc:2    | Noticed an orc sorcerer
  7099 | Orc:2    | Killed an orc high priest
  7106 | Orc:2    | Killed an orc sorcerer
  7239 | Orc:2    | Received a gift from Trog
  7249 | Orc:2    | HP: 31/97 [orc warrior/battleaxe (16)]
  7250 | Orc:2    | HP: 14/97 [orc warrior/battleaxe (8)]
  7251 | Orc:2    | Reached XP level 11. HP: 15/104 MP: 10/10
  7252 | Orc:2    | HP: 2/104 [orc priest/divine providence (13)]
  7254 | Orc:2    | Noticed a two-headed ogre
  7260 | Orc:2    | HP: 26/156 [two-headed ogre/dire flail (20)]
  7261 | Orc:2    | Killed a two-headed ogre
  7261 | Orc:2    | Reached skill level 16 in Axes
  7514 | Orc:2    | Found a roughly hewn altar of Beogh.
  7862 | Orc:2    | Found a staircase to the Elven Halls.
  7971 | Orc:2    | Noticed an orc knight
  7978 | Orc:2    | HP: 60/156 [orc warrior/battleaxe (19)]
  7985 | Orc:2    | HP: 58/157 [orc knight/great sword of slicing (3)]
  7986 | Orc:2    | Killed an orc knight
  7986 | Orc:2    | Received a gift from Trog
  7987 | Orc:2    | Noticed an orc knight
  7998 | Orc:2    | HP: 22/105 [orc knight/enchanted battleaxe (24)]
  8001 | Orc:2    | HP: 10/105 [orc wizard/dagger (2)]
  8008 | Orc:2    | HP: 7/105 [orc knight/enchanted battleaxe (5)]
  8009 | Orc:2    | Mangled by an orc knight

Vault maps used:
D:1:      erik_arrival_cave_to_civilisation, minmay_misc_feat_nine_boxes
D:2:      kennysheep_slug_shrine
D:3:      first_ration
D:4:      tgw_trog, serial_shops, nicolae_shop_waterfront, uniq_duvessa
D:5:      kennysheep_mini, nicolae_gozag_seed_capital,
          minmay_temple_entry_steel_oval, uniq_blork_the_orc, uniq_eustachio,
          uniq_sigmund, uniq_menkaure
D:6:      serial_shops, kennysheep_mini_moat, solitary_fountain
D:7:      lemuel_crystal_altar
D:8:      grunt_qazlal_clouds, kennysheep_little_box, grunt_pizzeria
D:9:      minmay_orc_entry_temple_small, serial_co_window_serial,
          co_window_cross_1, co_window_paths_a, co_window_paths_b,
          co_window_corner_a, co_window_of_opportunity_a, co_window_paths_c,
          co_window_broadway_c, co_window_corner_b, co_window_of_opportunity_b,
          glass_columns_c, glass_columns_a, glass_columns_b, minivault_15
Orc:1:    portal_ice_cave_entry_ice_beasts, trog_butcher_becter
Orc:2:    grunt_orc_tribal_feast, basic_altar

Skill      XL: |  1  2  3  4  5  6  7  8  9 10 11 |
---------------+----------------------------------+-----
Axes           | 4 5 6 7 8 9 11 13 15 16 | 16.4
Fighting       | 4 5 6 7 8 10 12 | 12.4
Armour         | |  2.4
Dodging        | |  2.1

Action                   |  1- 3 |  4- 6 |  7- 9 | 10-12 || total
-------------------------+-------+-------+-------+-------++-------
Melee: Hand axe          |    51 |    78 |    64 |       ||   193
       Headbutt          |    10 |    14 |    48 |    44 ||   116
       War axe           |       |       |   180 |   175 ||   355
Invok: Berserk           |       |     3 |     4 |     6 ||    13
       Trog's Hand       |       |       |       |     3 ||     3
       Brothers in Arms  |       |       |       |     2 ||     2
  Use: Scroll            |       |     2 |       |     6 ||     8
       Potion            |       |       |       |     4 ||     4
 Stab: Sleeping          |     1 |       |       |       ||     1
       Invisible         |       |       |       |     1 ||     1
  Eat: Chunk             |     1 |     6 |    13 |    10 ||    30
       Ration            |       |       |       |     1 ||     1
Armor: Animal skin       |     3 |       |       |       ||     3
       Ring mail         |     6 |    15 |    28 |       ||    49
       Chain mail        |       |       |    21 |    30 ||    51
Dodge: Dodged            |    26 |    37 |   119 |    73 ||   255

Table legend:
 A = Spawn XP
 B = Non-spawn XP
 C = Spawn XP percentage of total XP
 D = Spawn monster count
 E = Non-spawn monster count
 F = Spawn count percentage of total count
 G = Total turns spent on level
                    A         B        C        D         E        F      G
               +---------+---------+-------+---------+---------+-------+---------
         Total |       0 |   13800 |   0.0 |       0 |     210 |   0.0 |  8009
               +---------+---------+-------+---------+---------+-------+---------
           D:1 |       0 |      16 |   0.0 |       0 |      10 |   0.0 |   800
           D:2 |       0 |      14 |   0.0 |       0 |       2 |   0.0 |   132
           D:3 |       0 |      17 |   0.0 |       0 |       3 |   0.0 |   220
           D:4 |       0 |     457 |   0.0 |       0 |      18 |   0.0 |  1006
           D:5 |       0 |     686 |   0.0 |       0 |      12 |   0.0 |   629
           D:6 |       0 |    1513 |   0.0 |       0 |      28 |   0.0 |  1213
           D:7 |       0 |    1182 |   0.0 |       0 |      27 |   0.0 |   775
           D:8 |       0 |    1867 |   0.0 |       0 |      27 |   0.0 |  1057
           D:9 |       0 |     481 |   0.0 |       0 |      13 |   0.0 |   273
         Orc:1 |       0 |    2757 |   0.0 |       0 |      24 |   0.0 |   933
         Orc:2 |       0 |    4810 |   0.0 |       0 |      46 |   0.0 |   971
               +---------+---------+-------+---------+---------+-------+---------
